 Dungeon Crawl Stone Soup version 0.29.1-1-gd02db6906a (webtiles) character file.

Game seed: 17783206584699330045

5050 experimilk the Grappler (level 10, -3/94 HPs)
             Began as a Troll Gladiator on Oct 1, 2022.
             Was a Follower of Wu Jian.
             Slain by a three-headed hydra (10 damage)
             ... on level 8 of the Dungeon.
             The game lasted 00:22:20 (7774 turns).

experimilk the Grappler (Troll Gladiator)           Turns: 7774, Time: 00:22:21

Health: -3/94      AC:  8    Str: 28    XL:     10   Next: 30%
Magic:  9/9        EV: 11    Int:  4    God:    Wu Jian [*.....]
Gold:   497        SH:  0    Dex: 17    Spells: 9/9 levels left

rFire   + . .      SeeInvis .   a - +2 halberd (flame)
rCold   . . .      Faith    .   (shield currently unavailable)
rNeg    . . .      Spirit   .   A - +2 robe {rF+}
rPois   .          Reflect  .   b - +1 hat
rElec   .          Harm     .   c - +0 cloak
rCorr   .          Rampage  .   (gloves unavailable)
Will    .....                   (boots unavailable)
Stlth   ++........              (no amulet)
HPRegen 1.05/turn               k - ring of flight
MPRegen 0.11/turn               E - +6 ring of dexterity

@: about to teleport, flying
A: large, unfitting armour, claws 3, regeneration 1, shaggy fur 1, tough skin 1
a: Renounce Religion


You were on level 8 of the Dungeon.
You worshipped Wu Jian.
Wu Jian was aware of your devotion.
You visited 1 branch of the dungeon, and saw 8 of its levels.

You collected 516 gold pieces.
You spent 19 gold pieces at shops.

Inventory:

Hand Weapons
 a - a +2 halberd of flaming (weapon)
 u - a +6 club
Missiles
 d - a large rock
 e - 32 stones (quivered)
Armour
 b - a +1 hat (worn)
 c - a +0 cloak (worn)
 v - a +0 animal skin
 A - a +2 robe of fire resistance (worn)
Jewellery
 k - a ring of flight (left claw)
 E - a +6 ring of dexterity (right claw)
Wands
 n - a wand of paralysis (10)
 G - a wand of digging (4)
 H - a wand of iceblast (3)
 I - a wand of polymorph (8)
Scrolls
 i - a scroll of poison {unknown}
 l - a scroll of silence
 m - 4 scrolls of teleportation
 x - a scroll of fear {unknown}
 y - a scroll of immolation {unknown}
 z - a scroll of noise {unknown}
 C - a scroll of enchant weapon {unknown}
 F - a scroll of amnesia {unknown}
Potions
 f - 2 potions of resistance
 g - 4 potions of heal wounds
 h - 2 potions of ambrosia
 j - a potion of might {unknown}
 o - 2 potions of cancellation
 p - a potion of flight {unknown}
 q - 3 potions of curing
 r - 2 potions of mutation
 s - a potion of invisibility {unknown}
 t - 2 potions of lignification {unknown}
 w - a potion of attraction {unknown}
 B - 2 potions of haste {unknown}
 D - a potion of degeneration {unknown}


   Skills:
 + Level 4.4 Fighting
 - Level 6.0 Throwing
 - Level 3.0 Dodging
 * Level 13.1 Unarmed Combat


You had 9 spell levels left.
You didn't know any spells.
Your spell library contained the following spells:

 Spells                   Type           Power      Damage    Failure   Level
 Ensorcelled Hibernation  Hex/Ice        0%         N/A       65%         2
 Passwall                 Tmut/Erth      0%         N/A       65%         2
 Poisonous Vapours        Pois/Air       0%         N/A       65%         2
 Conjure Flame            Conj/Fire      0%         6-21      86%         3
 Frozen Ramparts          Ice            0%         1d1       86%         3
 Ignite Poison            Fire/Tmut/Pois 0%         N/A       86%         3
 Swiftness                Air            0%         N/A       86%         3
 Corpse Rot               Necr/Pois/Air  0%         N/A       99%         4
 Ice Form                 Ice/Tmut       0%         N/A       99%         4
 Sticky Flame             Conj/Fire      0%         2d3       99%         4
 Summon Ice Beast         Ice/Summ       0%         N/A       99%         4


Dungeon Overview and Level Annotations

Branches:
Dungeon (8/15)             Temple (0/1) D:6
   Lair: D:8-11

Altars:
Fedhas
Hepliaklqana
Kikubaaqudgha
Ru
Sif Muna
Vehumet
Wu Jian
The Shining One

Shops:
D:5 [   D:7 (


Innate Abilities, Weirdness & Mutations

You are too large for most types of armour.
You have claws for hands.
Your natural rate of healing is unusually fast.
You are covered in fur. (AC +1)
You have tough skin. (AC +1)


Message History

The helpless six-headed hydra fails to defend itself.
You hack one of the six-headed hydra's heads off!
The flame cauterises the wound!
You impale the five-headed hydra!! You burn the five-headed hydra.
The five-headed hydra is moderately wounded.
The five-headed hydra closely misses you.
The five-headed hydra barely misses you. x2
The five-headed hydra bites you!
The five-headed hydra barely misses you.
You lop one of the five-headed hydra's heads off!
The flame cauterises the wound!
You hit the four-headed hydra. You burn the four-headed hydra.
The four-headed hydra is moderately wounded.
The four-headed hydra barely misses you.
The four-headed hydra bites you! x2; The four-headed hydra bites you.
The four-headed hydra bites you!
The four-headed hydra bites you but does no damage.
The four-headed hydra bites you.
The four-headed hydra barely misses you.
You barely miss the four-headed hydra.
The four-headed hydra is moderately wounded.
The four-headed hydra bites you. The four-headed hydra bites you! x3
* * * LOW HITPOINT WARNING * * *
Unknown command.
You slice one of the four-headed hydra's heads off!
The flame cauterises the wound!
You slash the three-headed hydra! You burn the three-headed hydra.
The three-headed hydra is moderately wounded.
The three-headed hydra bites you but does no damage.
The three-headed hydra barely misses you.
The three-headed hydra closely misses you.
The three-headed hydra bites you.
* * * LOW HITPOINT WARNING * * *
The three-headed hydra bites you but does no damage.
The three-headed hydra bites you!
* * * LOW HITPOINT WARNING * * *
As you read the scroll of teleportation, it crumbles to dust.
You feel strangely unstable. The three-headed hydra misses you.
The three-headed hydra bites you!
You die...

.....'.#
##.##.#.......#..##
.....###
#####...#..########.##
.....#
........##..........#
.....#
.......##........###
.....#
.......##........#
...### #...###.......#
...# #.........>...#
#### #...###.......#
#..@# #.......# #..D#
#.......# #####
#########


You could see a three-headed hydra.

Vanquished Creatures
  Pikel (D:6)
  An ugly thing (D:7)
  Maggie (D:6)
  A troll (D:7)
  A slime creature (D:7)
  A shadow (D:7)
  Sigmund (D:2)
  2 steam dragons
  A wyvern (D:8)
  Edmund (D:4)
  Duvessa (D:5)
  2 black bears (D:6)
  2 sky beasts
  3 ice beasts (D:7)
  A centaur (D:7)
  2 phantoms
  Blork the orc (D:6)
  A scorpion (D:5)
  A bullfrog (D:7)
  4 necrophages
  A water moccasin zombie (D:4)
  Dowan (D:5)
  5 wights
  A howler monkey (D:6)
  3 electric eels (D:7)
  A bullfrog zombie (D:4)
  3 hounds
  A human zombie (D:4)
  2 jellies
  4 orc priests
  Ijyb (D:3)
  3 orc wizards
  Natasha (twice) (D:4)
  2 iguanas
  A scorpion zombie (D:4)
  2 hound zombies (D:4)
  2 mummies (D:4)
  Robin (D:4)
  A howler monkey zombie (D:4)
  8 adders
  A shadow imp (D:5)
  4 white imps
  2 adder zombies (D:4)
  3 worms
  2 dart slugs (D:3)
  13 orcs
  7 ball pythons
  4 bats (D:2)
  3 endoplasms
  8 giant cockroaches
  10 goblins
  10 hobgoblins
  4 kobolds
  5 quokkas
  3 frilled lizards
  8 rats
161 creatures vanquished.

Vanquished Creatures (others)
  4 plants (D:7)
4 creatures vanquished.

Grand Total: 165 creatures vanquished

Notes
Turn   | Place    | Note
-------+----------+-------------------------------------------
     0 | D:1      | experimilk the Troll Gladiator began the quest for the Orb.
     0 | D:1      | Reached XP level 1. HP: 19/19 MP: 0/0
   327 | D:1      | Reached XP level 2. HP: 26/27 MP: 1/1
  1251 | D:2      | Reached XP level 3. HP: 33/33 MP: 2/2
  1366 | D:2      | Reached skill level 4 in Unarmed Combat
  1407 | D:2      | Noticed Sigmund
  1425 | D:2      | Killed Sigmund
  1426 | D:2      | Reached skill level 5 in Unarmed Combat
  1426 | D:2      | Reached XP level 4. HP: 41/41 MP: 3/3
  1426 | D:2      | Reached XP level 5. HP: 48/48 MP: 4/4
  1617 | D:2      | Found a faded altar of an unknown god.
  1978 | D:3      | Noticed Ijyb
  2004 | D:3      | Killed Ijyb
  2377 | D:3      | Reached XP level 6. HP: 55/55 MP: 5/5
  2542 | D:3      | Found a blossoming altar of Fedhas.
  2641 | D:3      | Noticed a sky beast
  2644 | D:3      | Killed a sky beast
  2645 | D:3      | Reached skill level 6 in Unarmed Combat
  3049 | D:4      | Reached XP level 7. HP: 56/62 MP: 6/6
  3100 | D:4      | Reached skill level 7 in Unarmed Combat
  3114 | D:4      | Found an ancient bone altar of Kikubaaqudgha.
  3479 | D:4      | Found a glowing golden altar of the Shining One.
  3510 | D:4      | Noticed Robin
  3530 | D:4      | Killed Robin
  3718 | D:4      | Noticed Natasha
  3719 | D:4      | Reached skill level 5 in Throwing
  3721 | D:4      | Reached skill level 8 in Unarmed Combat
  3724 | D:4      | Noticed Edmund
  3725 | D:4      | Killed Natasha
  4008 | D:4      | Killed Edmund
  4009 | D:4      | Reached XP level 8. HP: 63/70 MP: 7/7
  4096 | D:4      | Found an ornate altar of the Wu Jian Council.
  4121 | D:4      | Noticed Natasha
  4123 | D:4      | Killed Natasha
  4154 | D:4      | Noticed a spectral centipede
  4154 | D:4      | Noticed a spectral black mamba
  4159 | D:4      | Became a worshipper of the Wu Jian Council
  4191 | D:5      | Entered Level 5 of the Dungeon
  4250 | D:5      | Found Xibaats's Antique Armour Shop.
  4417 | D:5      | Reached skill level 9 in Unarmed Combat
  4418 | D:5      | Found a radiant altar of Vehumet.
  4772 | D:5      | Noticed Duvessa
  4772 | D:5      | Noticed Dowan
  4785 | D:5      | Killed Duvessa
  4807 | D:5      | Killed Dowan
  5329 | D:6      | Identified the +6 scale mail of Ashenzari's Delight {rPois}
  5417 | D:6      | Noticed Maggie
  5432 | D:6      | Killed Maggie
  5433 | D:6      | Reached skill level 10 in Unarmed Combat
  5433 | D:6      | Reached XP level 9. HP: 75/80 MP: 8/8
  5618 | D:6      | Found a sacrificial altar of Ru.
  5619 | D:6      | Found a shimmering blue altar of Sif Muna.
  5729 | D:6      | Found a staircase to the Ecumenical Temple.
  5747 | D:6      | Noticed Pikel
  5756 | D:6      | Killed Pikel
  5779 | D:6      | Noticed Blork the orc
  5780 | D:6      | Killed Blork the orc
  5874 | D:6      | Reached skill level 11 in Unarmed Combat
  6121 | D:7      | Found Alloij's Weapon Boutique.
  6135 | D:7      | Bought 3 stones for 4 gold pieces
  6135 | D:7      | Bought 6 stones for 8 gold pieces
  6135 | D:7      | Bought 5 stones for 7 gold pieces
  6230 | D:7      | Noticed a troll
  6267 | D:7      | Reached skill level 12 in Unarmed Combat
  6267 | D:7      | Noticed a brown ugly thing
  6275 | D:7      | Killed a brown ugly thing
  6305 | D:7      | Killed a troll
  6305 | D:7      | Reached * piety under Wu Jian
  6306 | D:7      | Reached XP level 10. HP: 57/91 MP: 9/9
  7490 | D:8      | Reached skill level 13 in Unarmed Combat
  7527 | D:8      | Found a hazy altar of Hepliaklqana.
  7767 | D:8      | Noticed a six-headed hydra
  7774 | D:8      | Slain by a three-headed hydra

Illustrated notes

Levels and vault maps discovered:
D:1:      lemuel_arrival_cross, layout_loops_ring
D:2:      layout_rooms, hellmonk_ecumenical_altar_run_dry, uniq_sigmund
D:3:      layout_rooms, fedhas_altar_fruit_tree, uniq_ijyb
D:4:      layout_rooms, nicolae_tso_carved_into_rock,
          pdpol_wu_jian_five_deadly_venoms,
          lemuel_mausoleum_altar_kikubaaqudgha, item_on_display_a, uniq_natasha,
          uniq_edmund, uniq_robin
D:5:      layout_basic, nicolae_vehumet_radiance, serial_shops,
          nicolae_shop_hallway_plus, uniq_duvessa
D:6:      layout_gridville, minitemple, minmay_temple_entry_tees,
          uniq_blork_the_orc, uniq_pikel, uniq_maggie
D:7:      minmay_chambers_of_sixes, layout_cave_pools, serial_shops,
          nicolae_shop_window_shopping, serial_park_tiny_pond,
          serial_bayou_lake_a
D:8:      layout_basic, mainiacjoe_overflow_cross_hatched

Skill      XL: |  1  2  3  4  5  6  7  8  9 10 |
---------------+-------------------------------+-----
Throwing       | 2 3 4 5 6 |  6.0
Unarmed Combat | 5 6 8 10 12 13 | 13.1
Fighting       | 2 3 4 |  4.4
Dodging        | 3 |  3.0

Action                   |  1- 3 |  4- 6 |  7- 9 | 10-12 || total
-------------------------+-------+-------+-------+-------++-------
Melee: Unarmed           |    48 |   104 |   218 |    66 ||   436
       Punch             |     2 |     4 |    10 |     4 ||    20
       Halberd           |       |       |       |     4 ||     4
Throw: Stone             |    10 |     8 |    16 |    20 ||    54
       Throwing net      |     3 |       |     2 |       ||     5
       Large rock        |       |     1 |     7 |       ||     8
Invok: Lunge             |       |       |    14 |    13 ||    27
  Use: Scroll            |     4 |     2 |     4 |     3 ||    13
 Stab: Sleeping          |       |     1 |       |     2 ||     3
       Held in net/web   |       |       |     2 |       ||     2
       Distracted        |       |       |       |     1 ||     1
Armor: Robe              |    17 |    32 |    36 |    18 ||   103
       Animal skin       |       |       |    13 |       ||    13
Dodge: Dodged            |    29 |    54 |    68 |    31 ||   182
